 Seeded DCSS version 0.30-a0-358-g0d69a1922f (webtiles) character file.

Game seed: 2231567656055988436 (custom seed)

15055 retardedninja the Protected (level 11, -4/104 HPs)
             Began as a Minotaur Fighter on Nov 9, 2022.
             Was an Initiate of Gozag.
             Slain by a two-headed ogre
             ... wielding a +0 giant club
              (6 damage)
             ... on level 12 of the Dungeon.
             The game lasted 00:25:21 (17185 turns).

retardedninja the Protected (Minotaur Fighter)     Turns: 17185, Time: 00:25:22

Health: -4/104     AC: 21    Str: 28    XL:     11   Next: 96%
Magic:  10/10      EV:  8    Int:  5    God:    Gozag
Gold:   337        SH:  0    Dex: 16    Spells: 10/10 levels left

rFire   . . .      SeeInvis .    g - +8 great sword "Waguf" {vorpal, Str+3}
rCold   . . .      Faith    .    (shield currently unavailable)
rNeg    . . .      Spirit   .    s - +3 plate armour
rPois   .          Reflect  .    (helmet restricted)
rElec   .          Harm     .    A - +0 cloak {rCorr}
rCorr   +          Rampage  .    (no gloves)
Will    .....                    K - +0 pair of boots
Stlth   ..........               f - amulet of the acrobat
HPRegen 0.37/turn                F - +6 ring of dexterity
MPRegen 0.12/turn                l - ring of resist corrosion

@: hasted, very quick
A: horns 2, retaliatory headbutt
a: Renounce Religion, Potion Petition, Call Merchant, Bribe Branch


You were on level 12 of the Dungeon.
You worshipped Gozag.
Gozag was aware of your devotion.
You visited 1 branch of the dungeon, and saw 12 of its levels.
You also visited: Bailey.

You collected 2348 gold pieces.
You spent 462 gold pieces at shops.
You paid 1549 gold pieces to Gozag.

Inventory:

Hand Weapons
 a - a +0 war axe of chaos
 g - the +8 great sword "Waguf" (weapon) {vorpal, Str+3}
   (You found it in a bailey)

   It inflicts extra damage upon your enemies.
   Str:       It affects your strength (+3).
Missiles
 L - 5 throwing nets (quivered)
Armour
 s - a +3 plate armour (worn)
 A - a +0 cloak of preservation (worn)
 K - a +0 pair of boots (worn)
Jewellery
 b - a ring of fire
 f - an amulet of the acrobat (around neck)
 l - a ring of resist corrosion (right hand)
 n - a ring of positive energy
 t - a ring of willpower
 F - a +6 ring of dexterity (left hand)
Wands
 h - a wand of polymorph (7)
 k - a wand of roots (5)
 C - a wand of flame (15)
Scrolls
 c - 2 scrolls of enchant weapon {unknown}
 i - 5 scrolls of fear
 m - 2 scrolls of magic mapping
 p - a scroll of butterflies
 u - 4 scrolls of poison
 w - 4 scrolls of immolation
 x - 3 scrolls of identify
 y - a scroll of teleportation
 I - 3 scrolls of amnesia
Potions
 d - 2 potions of cancellation
 e - 2 potions of flight
 j - 2 potions of brilliance
 o - 3 potions of mutation
 q - 2 potions of magic
 r - 2 potions of resistance
 v - 2 potions of lignification
 E - a potion of degeneration
 H - 2 potions of haste {unknown}
 J - 2 potions of attraction {unknown}
Miscellaneous
 D - a phantom mirror


   Skills:
 + Level 12.2 Fighting
 + Level 12.0 Axes
 + Level 12.2 Armour
 + Level 12.2 Shields


You had 10 spell levels left.
You didn't know any spells.
Your spell library contained the following spells:

 Spells                   Type           Power      Damage    Failure   Level
 Apportation              Tloc           0%         N/A       98%         1
 Beastly Appendage        Tmut           0%         N/A       98%         1
 Necrotise                Necr           0%         1d4       98%         1
 Summon Small Mammal      Summ           0%         N/A       98%         1
 Ensorcelled Hibernation  Hex/Ice        0%         N/A       99%         2
 Passwall                 Tmut/Erth      0%         N/A       99%         2
 Static Discharge         Conj/Air       0%         2-2/arc   99%         2
 Sublimation of Blood     Necr           0%         N/A       99%         2
 Wereblood                Tmut           0%         N/A       99%         2
 Ozocubu's Armour         Ice            0%         N/A       100%        3
 Spider Form              Tmut/Pois      0%         N/A       100%        3
 Swiftness                Air            0%         N/A       100%        3
 Vhi's Electric Charge    Tloc/Air       0%         N/A       100%        3
 Olgreb's Toxic Radiance  Pois           0%         N/A       100%        4
 Arcjolt                  Conj/Air       0%         1d10      100%        5
 Lightning Bolt           Conj/Air       0%         1d11      100%        5
 Ozocubu's Refrigeration  Ice            0%         4d7       100%        7
 Summon Hydra             Summ           0%         N/A       100%        7
 Ignition                 Fire           0%         3d3       100%        8


Dungeon Overview and Level Annotations

Branches:
Dungeon (12/15)            Temple (0/1) D:5            Lair (0/5) D:9
 Bailey (visited)
    Orc: D:9-12

Altars:
Ashenzari
Cheibriados
Dithmenos
Elyvilon
Gozag
Nemelex Xobeh
Uskayaw
Wu Jian
Xom
Yredelemnul
Zin

Shops:
D:4 (   D:8 *


Innate Abilities, Weirdness & Mutations

You have a pair of horns on your head.
You reflexively headbutt those who attack you in melee.


Message History

The two-headed ogre is almost dead.
The two-headed ogre closely misses you.
The two-headed ogre hits you with a +0 giant spiked club.
* * * LOW HITPOINT WARNING * * *
You hit the two-headed ogre.
The two-headed ogre is almost dead.
The two-headed ogre hits you but does no damage.
The two-headed ogre hits you with a +0 giant spiked club!
* * * LOW HITPOINT WARNING * * *
You barely miss the two-headed ogre.
Your headbutt misses the two-headed ogre.
The two-headed ogre is almost dead.
The two-headed ogre hits you with a +0 giant club!
* * * LOW HITPOINT WARNING * * *
The two-headed ogre hits you with a +0 giant spiked club.
* * * LOW HITPOINT WARNING * * *
Okay, then. [a] - 588 gold - heal wounds, curing, magic and berserk rage [b] - 250 gold - haste [c] - 783 gold - resistance, might, haste and heal wounds Purchase which effect?
You don't have enough gold for that! [a] - 588 gold - heal wounds, curing, magic and berserk rage [b] - 250 gold - haste [c] - 783 gold - resistance, might, haste and heal wounds Purchase which effect?
You don't have enough gold for that! [a] - 588 gold - heal wounds, curing, magic and berserk rage [b] - 250 gold - haste [c] - 783 gold - resistance, might, haste and heal wounds Purchase which effect? [a] - 588 gold - heal wounds, curing, magic and berserk rage [b] - 250 gold - haste [c] - 783 gold - resistance, might, haste and heal wounds Purchase which effect?
You no longer have enough gold to petition Gozag for potion effects.
You feel yourself speed up.
The two-headed ogre hits you with a +0 giant club.
You die...
Your body crumbles into a pile of gold.

#.##.......##
#.#...###### ###
#..#.#.## ##...
##.##.##.## ##....#
..........# #....#
)#.##.##..# .....##
.#..#.#.#.### ##.... .#
)#.#...##>#.. #(O#.# .#
.#.##.###.#.# #@##.##.#
.#.##.# #.#.# #.#...#.#
>#....# #.#.# #.#.).#.#
.####.#
#.#.####.##.##.# .# #.#
#......#..#)#).# .# #.#
#......#.......+ .# #.#
#......##...).##
.####.###.......##...##
.................#...#


You could see a two-headed ogre.

Vanquished Creatures
  3 two-headed ogres
  An ugly thing (D:11)
  3 gargoyles (D:12)
  An unseen horror (D:10)
  A kobold demonologist (D:11)
  2 trolls (D:11)
  A hornet (D:10)
  Prince Ribbit (D:7)
  2 shadows
  2 wyverns
  A vampire (D:11)
  16 yaks
  Grum (D:11)
  2 steam dragons
  11 vampire mosquitoes
  3 water moccasins
  2 acid dragons
  An ice beast (D:6)
  3 orc warriors
  3 black bears
  4 sky beasts
  8 wolves
  3 ogres
  A centaur (D:9)
  3 kobold brigands (D:11)
  4 bullfrogs
  9 gnoll sergeants
  2 scorpions
  6 wights
  6 killer bees
  3 howler monkeys (D:9)
  An electric eel (D:10)
  3 jellies
  7 gnoll boudas (Bailey)
  3 orc priests
  6 hounds
  An iron imp (D:6)
  An iguana (D:4)
  11 orc wizards
  25 gnolls
  6 adders
  An ufetubus (D:5)
  3 worms
  5 dart slugs
  45 orcs
  4 bats
  10 endoplasms
  2 giant cockroaches (D:1)
  6 goblins
  12 hobgoblins
  11 kobolds
  6 quokkas
  3 ball pythons
  13 frilled lizards
  2 rats (D:1)
296 creatures vanquished.

Vanquished Creatures (collateral kills)
  3 wolves (Bailey)
3 creatures vanquished.

Vanquished Creatures (others)
  8 plants
8 creatures vanquished.

Grand Total: 307 creatures vanquished

Notes
Turn   | Place    | Note
-------+----------+-------------------------------------------
     0 | D:1      | retardedninja the Minotaur Fighter began the quest for the
                  | Orb.
     0 | D:1      | Reached XP level 1. HP: 19/19 MP: 0/0
    58 | D:1      | Found a faded altar of an unknown god.
    93 | D:1      | Reached XP level 2. HP: 27/27 MP: 1/1
   458 | D:1      | Reached XP level 3. HP: 32/33 MP: 2/2
   724 | D:2      | Reached XP level 4. HP: 40/40 MP: 3/3
  1541 | D:3      | Found a broken altar of Ashenzari.
  2363 | D:4      | Noticed an ogre
  2367 | D:4      | Killed an ogre
  2368 | D:4      | Reached XP level 5. HP: 29/47 MP: 4/4
  2554 | D:4      | Found Fynamiuh's Weapon Shop.
  2699 | D:4      | Reached skill level 5 in Fighting
  2735 | D:4      | Reached skill level 5 in Armour
  2735 | D:4      | Reached skill level 5 in Shields
  3186 | D:4      | Reached XP level 6. HP: 56/56 MP: 5/5
  3666 | D:5      | Entered Level 5 of the Dungeon
  3696 | D:5      | Found a basalt altar of Yredelemnul.
  3976 | D:5      | Reached skill level 5 in Axes
  3998 | D:5      | Reached XP level 7. HP: 54/62 MP: 6/6
  4210 | D:5      | Noticed a +0 dagger
  4211 | D:5      | Noticed a +0 short sword
  4211 | D:5      | Noticed a +0 dagger
  4211 | D:5      | Noticed a +0 short sword
  4262 | D:5      | Found a staircase to the Ecumenical Temple.
  4286 | D:5      | Noticed a +0 spear
  4290 | D:5      | Found a hide-covered altar of Uskayaw.
  4291 | D:5      | Noticed a +0 falchion
  4295 | D:5      | Noticed a +0 falchion
  4296 | D:5      | Noticed a +0 spear
  4520 | D:6      | Found an opulent altar of Gozag.
  4527 | D:6      | Became a worshipper of Gozag Ym Sagoz the Greedy
  4973 | D:6      | Found a snail-covered altar of Cheibriados.
  5249 | D:7      | Noticed Prince Ribbit
  5267 | D:7      | Reached XP level 8. HP: 51/71 MP: 7/7
  5555 | D:7      | Killed Prince Ribbit
  6356 | D:7      | Found a shimmering altar of Xom.
  6406 | D:7      | Reached XP level 9. HP: 79/81 MP: 8/8
  7082 | D:8      | Found Xiuruug's General Store.
  7514 | D:8      | Noticed a two-headed ogre
  7516 | D:8      | Found a sparkling altar of Nemelex Xobeh.
  7521 | D:8      | Killed a two-headed ogre
  7698 | D:8      | Reached XP level 10. HP: 86/91 MP: 9/9
  7929 | D:8      | Bought a scroll of identify for 22 gold pieces
  7929 | D:8      | Bought a phantom mirror for 440 gold pieces
  8902 | D:9      | Found a staircase to the Lair.
  9721 | D:10     | Entered Level 10 of the Dungeon
  9819 | D:10     | Found a white marble altar of Elyvilon.
  9825 | D:10     | Reached skill level 10 in Fighting
  9825 | D:10     | Reached skill level 10 in Shields
  9828 | D:10     | Reached skill level 10 in Armour
  9903 | D:10     | Found an ornate altar of the Wu Jian Council.
 10114 | D:10     | Found a flagged portal.
 10141 | Bailey   | Entered a bailey
 10217 | Bailey   | Reached skill level 10 in Axes
 11398 | Bailey   | Identified the +10 shortbow "Ryteebo" {vorpal, Str+2}
 12514 | Bailey   | Identified the +0 robe of Zadaw {rF+}
 12515 | Bailey   | Identified the +8 great sword "Waguf" {vorpal, Str+3}
 12790 | D:10     | Reached XP level 11. HP: 51/101 MP: 10/10
 12799 | D:10     | HP: 3/101 [yak (8)]
 12802 | D:10     | HP: 1/101 [yak (7)]
 14090 | D:10     | Found a glowing silver altar of Zin.
 15083 | D:11     | Identified the +3 robe of Zin's Inspiration {Int+2}
 15133 | D:11     | Found a shadowy altar of Dithmenos.
 15164 | D:11     | Noticed a sixfirhy
 15173 | D:11     | Noticed a red ugly thing
 15184 | D:11     | Killed a red ugly thing
 15666 | D:11     | Noticed Grum
 15672 | D:11     | Killed Grum
 16779 | D:12     | Noticed a two-headed ogre
 16807 | D:12     | Killed a two-headed ogre
 16848 | D:12     | Noticed a green ugly thing
 17135 | D:12     | Noticed a two-headed ogre
 17139 | D:12     | Killed a two-headed ogre
 17176 | D:12     | Noticed a two-headed ogre
 17184 | D:12     | HP: 1/104 [two-headed ogre/+0 giant club (5)]
 17185 | D:12     | Slain by a two-headed ogre

Illustrated notes

Levels and vault maps discovered:
D:1:      amcnicky_arrival_choice, layout_basic,
          shapermc_ecumenical_altar_ellora, minmay_misc_feat_ornament
D:2:      layout_basic, minmay_lizard_king
D:3:      layout_loops_ring, mainiacjoe_overflow_cross_hatched
D:4:      layout_basic, serial_shops, nicolae_shop_trees, serial_bayou_pond_a
D:5:      layout_loops_ring, nicolae_uskayaw_en_pointe,
          yredelemnul_altar_generic, minmay_temple_entry_fiery
D:6:      layout_rooms, chei_slow_surprise,
          nicolae_gozag_cash_rules_everything_around_me
D:7:      layout_loops_ring, tgw_xom, kennysheep_generic_room_10,
          uniq_prince_ribbit1
D:8:      layout_loops_ring, mainiacjoe_overflow_24_doors, serial_shops,
          nicolae_shop_window_shopping, chequers_serial_rivers_micro_c
D:9:      layout_cave_pools, lair_entry_dummy, special_room [special_room_orc],
          minivault_22
D:10:     layout_stronghold, general_overflow_altar, nicolae_overflow_squiral,
          enter_bailey_2, grunt_decor_arrowhead
D:11:     layout_roguey, nicolae_dithmenos_shadow_blocks, uniq_grum
D:12:     layout_loops_ring, david_orc_1_choice, abandoned_shop

Skill      XL: |  1  2  3  4  5  6  7  8  9 10 11 |
---------------+----------------------------------+-----
Fighting       | 4 5 6 7 9 10 12 | 12.2
Armour         | 4 5 6 7 9 10 12 | 12.2
Shields        | 4 5 6 7 9 10 12 | 12.2
Axes           | 3 4 5 6 7 9 10 12 | 12.0

Action                   |  1- 3 |  4- 6 |  7- 9 | 10-12 || total
-------------------------+-------+-------+-------+-------++-------
Melee: War axe           |    62 |   151 |   231 |   199 ||   643
       Headbutt          |     7 |    15 |    44 |    74 ||   140
       Great sword       |       |       |       |   171 ||   171
Invok: Potion Petition   |       |       |       |     4 ||     4
Evoke: Wand              |       |       |       |     6 ||     6
  Use: Potion            |       |     1 |     1 |     7 ||     9
       Scroll            |       |       |    27 |     6 ||    33
 Stab: Distracted        |       |       |     2 |     1 ||     3
       Paralysed         |       |       |       |     3 ||     3
       Confused          |       |       |       |     1 ||     1
Armor: Scale mail        |    29 |    44 |       |       ||    73
       Plate armour      |       |    21 |   174 |   459 ||   654
       Skin              |       |       |       |    11 ||    11
Dodge: Dodged            |    37 |    46 |    65 |   212 ||   360
Block: Buckler           |    12 |    37 |    56 |    17 ||   122
       Kite shield       |       |       |       |   180 ||   180

Table legend: (Time is in decaauts)
 A = Elapsed time spent in this place.
 B = Non-inter-level travel time spent in this place.
 C = Inter-level travel time spent in this place.
 D = Time resting spent in this place.
 E = Time spent auto-exploring this place.
 F = Levels seen in this place.
 G = Mean time per level.
                   A        B        C        D        E       F      G
               +--------+--------+--------+--------+--------+-----+--------+
         Total |  17466 |  17105 |    361 |   6465 |   8229 |  13 | 1343.5 |
       Dungeon |  14991 |  14630 |    361 |   4631 |   7960 |  12 | 1249.2 |
        Bailey |   2475 |   2475 |      0 |   1834 |    269 |   1 | 2475.0 |
               +--------+--------+--------+--------+--------+-----+--------+

Top non-repeatable levels by time:
  Bailey: 2475 daAuts
    D:11: 2310 daAuts
    D:10: 2307 daAuts
     D:7: 1599 daAuts
     D:8: 1501 daAuts
     D:4: 1467 daAuts
     D:9: 1165 daAuts
     D:6: 993 daAuts
     D:2: 945 daAuts
     D:5: 859 daAuts
     D:3: 699 daAuts
     D:1: 621 daAuts
    D:12: 518 daAuts
